WIN
ATLANTA (WIN) BRAVES @ SAN FRANCISCO (WIN) GIANTS
12/02/2045
 
TOP OF THE 1ST
Atlanta (WIN) Braves batting - Pitching for San Francisco (WIN) Giants : RHP George Kellum
Pitching: RHP George Kellum
Batting: RHB Jordan Martin 0-0: Ball
1-0: Ball
2-0: Ball
3-0: Called Strike
3-1: Base on Balls
Batting: RHB Edgar Castillo 0-0: Ball
1-0: Ball
2-0: Ball
3-0: Called Strike
3-1: Swinging Strike
3-2: Strikes out swinging
Jordan Martin is caught stealing 2nd base 2-4
Batter strikes out.
Batting: LHB Colin Worthington 0-0: Ball
1-0: Swinging Strike
1-1: Ball
2-1: Called Strike
2-2: Fly out, F8 (Line Drive, 89D, EV 91.9 MPH)
Top of the 1st over - 0 runs, 0 hits, 0 errors, 0 left on base; Atlanta (WIN) 0 - San Francisco (WIN) 0
BOTTOM OF THE 1ST
San Francisco (WIN) Giants batting - Pitching for Atlanta (WIN) Braves : RHP Marvin Velasco
Pitching: RHP Marvin Velasco
Batting: RHB Miguel Gonzalez 0-0: Called Strike
0-1: Ball
1-1: Foul Ball, location: 2F
1-2: Fly out, F8 (Flyball, 8LD, EV 84.4 MPH)
Batting: LHB Pat Aviles 0-0: Ball
1-0: Foul Ball, location: 2F
1-1: Foul Ball, location: 2F
1-2: Ball
2-2: Fly out, F7 (Flyball, 78M, EV 92.5 MPH)
Batting: LHB Carey Horncole 0-0: Ball
1-0: Swinging Strike
1-1: Ball
2-1: Swinging Strike
2-2: Foul Ball, location: 2F
2-2: DOUBLE (Line Drive, 9LD, EV 108.8 MPH)
Batting: LHB Jared Paige 0-0: Ball
1-0: Called Strike
1-1: Ball
2-1: Foul Ball, location: 2F
2-2: SINGLE (Groundball, 56D, EV 105.0 MPH)
Carey Horncole to third
Runner from 3rd tries for Home, SAFE, throw by LF to home
Batting: RHB Chris King 0-0: Foul Ball, location: 2F
0-1: Foul Ball, location: 2F
0-2: Ball
1-2: Ball
2-2: Ball
3-2: Foul Ball, location: 2F
3-2: Strikes out looking
Bottom of the 1st over - 1 run, 2 hits, 0 errors, 1 left on base; Atlanta (WIN) 0 - San Francisco (WIN) 1
TOP OF THE 2ND
Atlanta (WIN) Braves batting - Pitching for San Francisco (WIN) Giants : RHP George Kellum
Batting: SHB Bob Morales 0-0: Foul Ball, location: 2F
0-1: Swinging Strike
0-2: Ball
1-2: Ball
2-2: Strikes out swinging
Batting: LHB Chad Persaud 0-0: Called Strike
0-1: Ball
1-1: Ball
2-1: Foul Ball, location: 2F
2-2: Foul Ball, location: 2F
2-2: Reached on error, E6 (Groundball, 6M, EV 106.2 MPH)
Batting: LHB Oke Monti 0-0: Ball
Chad Persaud is caught stealing 2nd base 2-6
1-0: Ball
2-0: Ball
3-0: Called Strike
3-1: Ground out 6-3 (Groundball, 6, EV 93.1 MPH)
Top of the 2nd over - 0 runs, 0 hits, 1 error, 0 left on base; Atlanta (WIN) 0 - San Francisco (WIN) 1
BOTTOM OF THE 2ND
San Francisco (WIN) Giants batting - Pitching for Atlanta (WIN) Braves : RHP Marvin Velasco
Batting: LHB Al Hernandez 0-0: Foul Ball, location: 2F
0-1: Called Strike
0-2: Foul Ball, location: 2F
0-2: Foul Ball, location: 2F
0-2: Foul Ball, location: 2F
0-2: Foul Ball, location: 2F
0-2: Ball
1-2: Ground out 5-3 (Groundball, 5L, EV 95.0 MPH)
Batting: LHB Josh Straub 0-0: Ball
1-0: Ball
2-0: Ball
3-0: Base on Balls
Batting: RHB Doug Kennie 0-0: Foul Ball, location: 2F
0-1: Fly out, F9 (Line Drive, 89S, EV 105.0 MPH)
Batting: RHB Gabe Ochoa 0-0: Ball
1-0: Foul Ball, location: 2F
1-1: Ball
Wild Pitch!
Josh Straub to second
2-1: Foul Ball, location: 2F
2-2: SINGLE (Line Drive, 8RS, EV 92.5 MPH)
Josh Straub to third
Runner from 3rd tries for Home, SAFE, throw by CF to home
Batting: RHB Miguel Gonzalez 0-0: Called Strike
0-1: Ball
1-1: Ball
2-1: Ball
3-1: Called Strike
3-2: Base on Balls
Gabe Ochoa to second
Batting: LHB Pat Aviles 0-0: Ball
1-0: Foul Ball, location: 2F
1-1: SINGLE (Line Drive, 9S, EV 96.9 MPH)
Gabe Ochoa to third
Miguel Gonzalez to second
Runner from 3rd tries for Home, SAFE, throw by RF to home
Batting: LHB Carey Horncole 0-0: Ball
1-0: Ball
2-0: Ball
3-0: Base on Balls
Miguel Gonzalez to third
Pat Aviles to second
Batting: LHB Jared Paige 0-0: Foul Ball, location: 2F
0-1: Ball
1-1: Foul Ball, location: 2F
1-2: Fly out, F6 (Popup, 6MS, EV 75.6 MPH)
Bottom of the 2nd over - 2 runs, 2 hits, 0 errors, 3 left on base; Atlanta (WIN) 0 - San Francisco (WIN) 3
TOP OF THE 3RD
Atlanta (WIN) Braves batting - Pitching for San Francisco (WIN) Giants : RHP George Kellum
Batting: RHB Alex Velasquez 0-0: Called Strike
0-1: Ball
1-1: Ball
2-1: Swinging Strike
2-2: Strikes out looking
Batting: RHB Gerard Michel 0-0: Called Strike
0-1: Ball
1-1: Foul Ball, location: 2F
1-2: Strikes out swinging
Batting: SHB Ian Arlotta 0-0: Ground out 4-3 (Groundball, 4, EV 86.2 MPH)
Top of the 3rd over - 0 runs, 0 hits, 0 errors, 0 left on base; Atlanta (WIN) 0 - San Francisco (WIN) 3
BOTTOM OF THE 3RD
San Francisco (WIN) Giants batting - Pitching for Atlanta (WIN) Braves : RHP Marvin Velasco
Batting: RHB Chris King 0-0: Fly out, F7 (Flyball, 7D, EV 91.2 MPH)
Batting: LHB Al Hernandez 0-0: Called Strike
0-1: Ball
1-1: Ball
2-1: Ball
3-1: Base on Balls
Batting: LHB Josh Straub 0-0: Called Strike
0-1: Ball
1-1: Ball
2-1: Ball
3-1: Base on Balls
Al Hernandez to second
Batting: RHB Doug Kennie 0-0: Called Strike
0-1: Ball
1-1: Fly out, F8 (Flyball, 8RM, EV 91.2 MPH)
Batting: RHB Gabe Ochoa 0-0: Ball
1-0: Ball
2-0: Called Strike
2-1: Called Strike
2-2: Strikes out swinging
Bottom of the 3rd over - 0 runs, 0 hits, 0 errors, 2 left on base; Atlanta (WIN) 0 - San Francisco (WIN) 3
TOP OF THE 4TH
Atlanta (WIN) Braves batting - Pitching for San Francisco (WIN) Giants : RHP George Kellum
Batting: RHB Jordan Martin 0-0: Called Strike
0-1: SINGLE (Groundball, 6MD, EV 99.4 MPH)
Batting: RHB Edgar Castillo 0-0: Called Strike
0-1: Called Strike
0-2: Ball
1-2: Ball
2-2: Strikes out looking
Jordan Martin is caught stealing 2nd base 2-4
Batter strikes out.
Batting: LHB Colin Worthington 0-0: Ball
1-0: SOLO HOME RUN (Flyball, 89XD, EV 100.0 MPH), Distance : 408 ft
Batting: SHB Bob Morales 0-0: Ball
1-0: Ball
2-0: Called Strike
2-1: Foul Ball, location: 2F
2-2: Strikes out swinging
Top of the 4th over - 1 run, 2 hits, 0 errors, 0 left on base; Atlanta (WIN) 1 - San Francisco (WIN) 3
BOTTOM OF THE 4TH
San Francisco (WIN) Giants batting - Pitching for Atlanta (WIN) Braves : RHP Marvin Velasco
Batting: RHB Miguel Gonzalez 0-0: Ball
1-0: Called Strike
1-1: Called Strike
1-2: Foul Ball, location: 2F
1-2: Fly out, F4 (Popup, 4, EV 53.8 MPH)
Batting: LHB Pat Aviles 0-0: Called Strike
0-1: Foul Ball, location: 2F
0-2: Strikes out looking
Batting: LHB Carey Horncole 0-0: Called Strike
0-1: Ball
1-1: Ball
2-1: Foul Ball, location: 2F
2-2: Ball
3-2: Foul Ball, location: 2F
3-2: Strikes out looking
Bottom of the 4th over - 0 runs, 0 hits, 0 errors, 0 left on base; Atlanta (WIN) 1 - San Francisco (WIN) 3
TOP OF THE 5TH
Atlanta (WIN) Braves batting - Pitching for San Francisco (WIN) Giants : RHP George Kellum
Batting: LHB Chad Persaud 0-0: Ball
1-0: Foul Ball, location: 2F
1-1: Swinging Strike
1-2: Strikes out looking
Batting: LHB Oke Monti 0-0: Swinging Strike
0-1: Foul Ball, location: 2F
0-2: Foul Ball, location: 2F
0-2: Ball
1-2: Foul Ball, location: 2F
1-2: Strikes out swinging
Batting: RHB Alex Velasquez 0-0: Swinging Strike
0-1: Called Strike
0-2: Ball
1-2: Ball
2-2: Foul Ball, location: 2F
2-2: Strikes out swinging
Top of the 5th over - 0 runs, 0 hits, 0 errors, 0 left on base; Atlanta (WIN) 1 - San Francisco (WIN) 3
BOTTOM OF THE 5TH
San Francisco (WIN) Giants batting - Pitching for Atlanta (WIN) Braves : RHP Marvin Velasco
Batting: LHB Jared Paige 0-0: Swinging Strike
0-1: Ball
1-1: Fly out, F9 (Flyball, 9, EV 95.0 MPH)
Batting: RHB Chris King 0-0: Foul Ball, location: 2F
0-1: Ball
1-1: Called Strike
1-2: Fly out, F7 (Flyball, 7, EV 88.8 MPH)
Batting: LHB Al Hernandez 0-0: Ball
1-0: Called Strike
1-1: Foul Ball, location: 2F
1-2: Fly out, F5 (Popup, 5SF, EV 76.9 MPH)
Bottom of the 5th over - 0 runs, 0 hits, 0 errors, 0 left on base; Atlanta (WIN) 1 - San Francisco (WIN) 3
TOP OF THE 6TH
Atlanta (WIN) Braves batting - Pitching for San Francisco (WIN) Giants : RHP George Kellum
Batting: RHB Gerard Michel 0-0: Ball
1-0: Ball
2-0: Called Strike
2-1: Swinging Strike
2-2: Foul Ball, location: 2F
2-2: Ball
3-2: Strikes out swinging
Batting: SHB Ian Arlotta 0-0: Called Strike
0-1: Foul Ball, location: 2F
0-2: Strikes out swinging
Batting: RHB Jordan Martin 0-0: Called Strike
0-1: Ball
1-1: Ball
2-1: Called Strike
2-2: Ball
3-2: Foul Ball, location: 2F
3-2: Foul Ball, location: 2F
3-2: Base on Balls
Batting: RHB Edgar Castillo 0-0: Ball
1-0: Ball
2-0: Called Strike
2-1: Ball
3-1: Base on Balls
Jordan Martin to second
Pitching: RHP Rich Benoit
Batting: LHB Colin Worthington 0-0: Fly out, F8 (Flyball, 89D, EV 106.2 MPH)
Top of the 6th over - 0 runs, 0 hits, 0 errors, 2 left on base; Atlanta (WIN) 1 - San Francisco (WIN) 3
BOTTOM OF THE 6TH
San Francisco (WIN) Giants batting - Pitching for Atlanta (WIN) Braves : RHP Marvin Velasco
Pitching: RHP Jose Santos
Batting: LHB Josh Straub 0-0: Called Strike
0-1: Ball
1-1: Foul Ball, location: 2F
1-2: Foul Ball, location: 2F
1-2: Ball
2-2: Ball
3-2: Ground out U3 (Groundball, 34, EV 93.8 MPH)
Batting: RHB Doug Kennie 0-0: Called Strike
0-1: Ball
1-1: Foul Ball, location: 2F
1-2: SINGLE (Flyball, 3D, EV 90.0 MPH)
Batting: RHB Gabe Ochoa 0-0: Called Strike
0-1: Called Strike
0-2: Strikes out looking
Batting: RHB Miguel Gonzalez 0-0: Foul Ball, location: 2F
0-1: Ball
1-1: Ground out 5-3 (Groundball, 5S, EV 85.0 MPH)
Bottom of the 6th over - 0 runs, 1 hit, 0 errors, 1 left on base; Atlanta (WIN) 1 - San Francisco (WIN) 3
TOP OF THE 7TH
Atlanta (WIN) Braves batting - Pitching for San Francisco (WIN) Giants : RHP Rich Benoit
Batting: SHB Bob Morales 0-0: Ball
1-0: Ball
2-0: Ball
3-0: Called Strike
3-1: Fly out, F9 (Flyball, 9S, EV 94.4 MPH)
Batting: LHB Chad Persaud 0-0: Foul Ball, location: 2F
0-1: Swinging Strike
0-2: Ball
1-2: Strikes out looking
Batting: LHB Oke Monti 0-0: Called Strike
0-1: Ball
1-1: Foul Ball, location: 2F
1-2: Fly out, F9 (Flyball, 89S, EV 87.5 MPH)
Top of the 7th over - 0 runs, 0 hits, 0 errors, 0 left on base; Atlanta (WIN) 1 - San Francisco (WIN) 3
BOTTOM OF THE 7TH
San Francisco (WIN) Giants batting - Pitching for Atlanta (WIN) Braves : RHP Jose Santos
Pitching: RHP Ricky Rivera
Batting: LHB Pat Aviles 0-0: Called Strike
0-1: Swinging Strike
0-2: Ball
1-2: Strikes out looking
Batting: LHB Carey Horncole 0-0: Ground out 4-3 (Groundball, 4, EV 78.1 MPH)
Batting: LHB Jared Paige 0-0: Foul Ball, location: 2F
0-1: Foul Ball, location: 2F
0-2: Ball
1-2: Strikes out looking
Bottom of the 7th over - 0 runs, 0 hits, 0 errors, 0 left on base; Atlanta (WIN) 1 - San Francisco (WIN) 3
TOP OF THE 8TH
Atlanta (WIN) Braves batting - Pitching for San Francisco (WIN) Giants : RHP Rich Benoit
Batting: RHB Alex Velasquez 0-0: Called Strike
0-1: Called Strike
0-2: Ball
1-2: Strikes out swinging
Pinch Hitting: RHB Ike Trout 0-0: Called Strike
0-1: Ball
1-1: Foul Ball, location: 2F
1-2: Strikes out swinging
Batting: SHB Ian Arlotta 0-0: Swinging Strike
0-1: Ball
1-1: Ground out U3 (Groundball, 34, EV 86.2 MPH)
Top of the 8th over - 0 runs, 0 hits, 0 errors, 0 left on base; Atlanta (WIN) 1 - San Francisco (WIN) 3
BOTTOM OF THE 8TH
San Francisco (WIN) Giants batting - Pitching for Atlanta (WIN) Braves : RHP Ricky Rivera
Now at 3B: Ike Trout
Batting: RHB Chris King 0-0: Called Strike
0-1: Fly out, F7 (Flyball, 7LSF, EV 93.1 MPH)
Batting: LHB Al Hernandez 0-0: Ball
1-0: Foul Ball, location: 2F
1-1: Ball
2-1: Foul Ball, location: 2F
2-2: Strikes out swinging
Batting: LHB Josh Straub 0-0: Called Strike
0-1: Swinging Strike
0-2: Ball
1-2: Strikes out swinging
Bottom of the 8th over - 0 runs, 0 hits, 0 errors, 0 left on base; Atlanta (WIN) 1 - San Francisco (WIN) 3
TOP OF THE 9TH
Atlanta (WIN) Braves batting - Pitching for San Francisco (WIN) Giants : RHP Rich Benoit
Pitching: RHP Takashi Kino
Now at 1B: Devin Lowery
Now in RF: Tony Galvan
Batting: RHB Jordan Martin 0-0: Ball
1-0: Ground out 5-3 (Groundball, 56, EV 86.9 MPH)
Batting: RHB Edgar Castillo 0-0: Called Strike
0-1: Fly out, F6 (Popup, P, EV 81.9 MPH)
Batting: LHB Colin Worthington 0-0: Ball
1-0: Ball
2-0: Foul Ball, location: 2F
2-1: Swinging Strike
2-2: SINGLE (Groundball, 4MD, EV 103.1 MPH)
Batting: SHB Bob Morales 0-0: Called Strike
0-1: Ball
1-1: Reached on error, E6 (Groundball, 56, EV 97.5 MPH)
Colin Worthington to second
Batting: LHB Chad Persaud 0-0: Called Strike
0-1: Swinging Strike
0-2: Fielders Choice at 2nd, 5-4 (Groundball, 56, EV 78.8 MPH)
Top of the 9th over - 0 runs, 1 hit, 1 error, 2 left on base; Atlanta (WIN) 1 - San Francisco (WIN) 3
Wednesday, June 22nd , 2022 - OOTP Baseball 23.4 Build 64